 Dungeon Crawl Stone Soup version 0.30-a0-365-ge7f957f1db (webtiles) character file.

Game seed: 5799561899604020145

1726 mopl the Martial Artist (level 9, -13/57 HPs)
             Began as a Djinni Transmuter on Nov 16, 2022.
             Was a Priest of Okawaru.
             Killed from afar by Dowan (20 damage)
             ... with a shard of ice
             ... on level 6 of the Dungeon.
             The game lasted 00:10:30 (5140 turns).

mopl the Martial Artist (Djinni Transmuter)         Turns: 5140, Time: 00:10:30

Health: -13/57     AC:  7    Str: 13    XL:     9   Next: 25%
Gold:   228        EV: 15    Int: 16    God:    Okawaru [***...] SH:  0 Dex: 13

rFire   + + .      SeeInvis .      - Unarmed
rCold   . . .      Faith    .    (no shield)
rNeg    . . .      Spirit   .    a - +0 robe
rPois   ∞          Reflect  .    j - +0 helmet
rElec   .          Harm     .    (no cloak)
rCorr   .          Rampage  .    (no gloves)
Will    .....                    (boots unavailable)
Stlth   +++.......               (no amulet)
HPRegen 0.29/turn                E - ring of protection from cold
MPRegen 0.00/turn                y - +4 ring of protection

@: heroic, on berserk cooldown, flying, slowed, very slow
A: sickness immunity, fire resistance 2, cold vulnerability 1, float, innate
caster, HP casting, extra vitality 1
a: Renounce Religion, Heroism


You were on level 6 of the Dungeon.
You worshipped Okawaru.
Okawaru was most pleased with you.
You visited 1 branch of the dungeon, and saw 6 of its levels.
You also visited: Sewer.

You collected 228 gold pieces.

Inventory:

Missiles
 h - a boomerang
 k - 4 curare-tipped darts
 o - 5 silver javelins
 q - 8 poisoned darts
Armour
 a - a +0 robe (worn)
 j - a +0 helmet (worn)
Jewellery
 p - the ring of Mirth {Will+ MP+9}
   (You found it on level 2 of the Dungeon)

   [ring of willpower]

   MP:        It affects your magic capacity (+9).
   Will:      It increases your willpower.
 y - a +4 ring of protection (right hand)
 E - a ring of protection from cold (left hand)
Wands
 l - a wand of polymorph (10)
 w - a wand of acid (9)
Scrolls
 c - 3 scrolls of amnesia {unknown}
 e - a scroll of fear {unknown}
 f - a scroll of teleportation {unknown}
 g - 2 scrolls of poison {unknown}
 v - a scroll of butterflies {unknown}
 x - a scroll of silence {unknown}
 z - 2 scrolls of enchant armour {unknown}
 A - 2 scrolls of vulnerability {unknown}
 C - a scroll of magic mapping {unknown}
 D - a scroll of enchant weapon {unknown}
 F - a scroll of immolation {unknown}
Potions
 b - a potion of lignification {!q}
 d - 2 potions of mutation {!q}
 m - 3 potions of heal wounds
 n - 5 potions of curing
 s - 5 potions of haste {unknown}
 t - 2 potions of brilliance
 B - a potion of invisibility


   Skills:
 - Level 1.0(6.0) Fighting
 - Level 2.1(7.1) Dodging
 * Level 8.9(13.9) Unarmed Combat
 + Level 4.4 Spellcasting
 + Level 5.1 Invocations


You couldn't memorise any spells.
You knew the following spells:

 Your Spells              Type           Power      Damage    Failure   Level
a - Beastly Appendage     Tmut           34%        N/A       2%          1
b - Spider Form           Tmut/Pois      17%        N/A       8%          3
c - Sandblast             Erth           34%        2d9       2%          1
d - Ice Form              Ice/Tmut       17%        N/A       26%         4
e - Call Imp              Summ           17%        N/A       4%          2
f - Confusing Touch       Hex            17%        N/A       8%          3
g - Anguish               Hex/Necr       8%         N/A       26%         4
w - Wereblood             Tmut           17%        N/A       4%          2
Your spell library was empty.

Dungeon Overview and Level Annotations

Branches:
Dungeon (6/15)             Temple (0/1) D:4           Sewer (visited)

Altars:
Dithmenos
Elyvilon
Okawaru
Xom

Shops:
D:2 [

Annotations:
D:4 2 transporters, kae's ghost, amateur TeFE
D:6 Dowan


Innate Abilities, Weirdness & Mutations

You are immune to sickness and miasma.
You are immune to poison.
Your flesh is very heat resistant. (rF++)
You are vulnerable to cold. (rC-)
You float through the air rather than walking.
You learn spells naturally, not from books.
Your magical power is your life essence.
You have superior vitality. (+4 MHP)


Message History

You bite Duvessa!
You kill Duvessa!
Okawaru accepts your kill.
Dowan's eyes darken. "You have made a black mistake."
Dowan seems to find hidden reserves of power!
Your Invocations skill increases to level 5!
Dowan mumbles some strange words.
Dowan blinks!
Things that are here:
a +0 rapier; a +0 ring mail; a +0 giant club You feel a strong urge to attack something.
You see here a +0 club.
Found a potion of lignification.
You are no longer berserk.
You are exhausted.
You feel yourself slow down.
You bite Dowan!
Dowan is moderately wounded.
Dowan closely misses you.
Dowan hits you with a +0 dagger of venom.
You closely miss Dowan.
Dowan is moderately wounded.
Dowan misses you. Dowan completely misses you.
You barely miss Dowan.
Dowan is moderately wounded.
Dowan misses you. Dowan closely misses you.
You bite Dowan!
Dowan is almost dead.
Your transformation has ended.
Your +0 helmet unmelds from your body.
Your +0 robe unmelds from your body.
Dowan hits you with a +0 dagger of venom.
* * * LOW HITPOINT WARNING * * *
Dowan points at you and mumbles some strange words.
The stone arrow hits you!
* * * LOW HITPOINT WARNING * * *
You gain the combat prowess of a mighty hero.
Dowan hits you but does no damage. Dowan casts a spell at you.
The shard of ice hits you!!
You die...

.......<# #. .#
#######.# #.##.#!#
#.# #####.##.#.## #.#
#...........## #.# ##
#.# #.##.#.#.# #.# .#
#.# #........ #.# .#
#.# #.##.#e#.# #.#
.#######.###.##?@...#
..............))#.#.#
.######......####.#
.#...##..####### .#
.....##......... .#
.#...##.######## ##
.##.###.###
.##.......#
.######.#.#


You could see Dowan (fast).

Vanquished Creatures
  Sigmund (D:5)
  Edmund (D:5)
  Duvessa (D:6)
  2 water moccasins (D:6)
  An ice beast (D:4)
  A sky beast (D:6)
  2 ogres
  A kobold brigand (D:6)
  A necrophage (D:5)
  A scorpion (D:6)
  A vampire bat (D:4)
  3 hounds
  3 orc priests
  An orc wizard (D:5)
  2 gnolls (D:6)
  10 adders
  2 river rats (Sewer)
  A shadow imp (D:5)
  A worm (D:2)
  5 dart slugs
  3 fire bats (D:4)
  14 orcs
  2 spectral bats (D:4)
  10 bats
  3 bat skeletons (D:4)
  A bat zombie (D:4)
  11 endoplasms
  5 giant cockroaches
  4 goblins
  6 hobgoblins
  3 jackals (D:4)
  9 kobolds
  6 quokkas
  10 ball pythons
  A bat simulacrum (D:4)
  10 frilled lizards
  20 rats
159 creatures vanquished.

Notes
Turn   | Place    | Note
-------+----------+-------------------------------------------
     0 | D:1      | mopl the Djinni Transmuter began the quest for the Orb.
     0 | D:1      | mopl set off with the following spells memorised: Beastly
                  | Appendage, Wereblood, Spider Form, Ice Form.
     0 | D:1      | Reached XP level 1. HP: 17/17 MP: 0/0
   123 | D:1      | Reached XP level 2. HP: 21/22 MP: 0/0
  1005 | D:2      | Identified the ring of Mirth {Will+ MP+9}
  1050 | D:2      | Reached XP level 3. HP: 15/27 MP: 0/0
  1050 | D:2      | Learned a level 1 spell: Sandblast
  1108 | D:2      | Reached skill level 4 in Unarmed Combat
  1326 | D:2      | Found Siemiyn's Antique Armour Boutique.
  1359 | D:2      | Reached XP level 4. HP: 7/32 MP: 0/0
  1947 | D:3      | Reached skill level 2 in Spellcasting
  2080 | D:3      | Found an iron altar of Okawaru.
  2102 | D:3      | Became a worshipper of Warmaster Okawaru
  2112 | D:3      | Found a faded altar of an unknown god.
  2602 | D:4      | Noticed an ogre
  2612 | D:4      | Killed an ogre
  2612 | D:4      | Reached * piety under Okawaru
  2613 | D:4      | Reached skill level 5 in Unarmed Combat
  2613 | D:4      | Reached skill level 1 in Invocations
  2613 | D:4      | Reached XP level 5. HP: 29/37 MP: 0/0
  2613 | D:4      | Learned a level 2 spell: Call Imp
  2672 | D:4      | Found a shadowy altar of Dithmenos.
  2706 | D:4      | Noticed kae's ghost (amateur TeFE)
  2715 | D:4      | Noticed a sky beast
  2739 | D:4      | Reached XP level 6. HP: 34/42 MP: 0/0
  2811 | D:4      | Found a transporter.
  2814 | D:4      | Found a transporter.
  2841 | D:4      | Found a staircase to the Ecumenical Temple.
  3194 | D:4      | Reached skill level 2 in Invocations
  3352 | D:5      | Entered Level 5 of the Dungeon
  3437 | D:5      | Reached skill level 6 in Unarmed Combat
  3437 | D:5      | Reached XP level 7. HP: 44/47 MP: 0/0
  3437 | D:5      | Learned a level 3 spell: Confusing Touch
  3503 | D:4      | Reached skill level 3 in Spellcasting
  3696 | D:5      | Found a glowing drain.
  3700 | Sewer    | Entered a sewer
  3903 | Sewer    | Reached skill level 3 in Invocations
  4091 | D:5      | Reached ** piety under Okawaru
  4373 | D:5      | Reached skill level 7 in Unarmed Combat
  4373 | D:5      | Reached XP level 8. HP: 51/52 MP: 0/0
  4441 | D:5      | Noticed Edmund
  4460 | D:5      | Killed Edmund
  4466 | D:5      | Noticed Sigmund
  4574 | D:5      | Killed Sigmund
  4575 | D:5      | Reached skill level 4 in Invocations
  4778 | D:6      | Found a white marble altar of Elyvilon.
  4778 | D:6      | Found a shimmering altar of Xom.
  4820 | D:6      | Reached skill level 8 in Unarmed Combat
  4848 | D:6      | Reached skill level 4 in Spellcasting
  4939 | D:6      | Reached *** piety under Okawaru
  4940 | D:6      | Reached XP level 9. HP: 33/57 MP: 0/0
  4940 | D:6      | Learned a level 4 spell: Anguish
  5109 | D:6      | Noticed Duvessa
  5110 | D:6      | Noticed Dowan
  5132 | D:6      | Killed Duvessa
  5133 | D:6      | Reached skill level 5 in Invocations
  5140 | D:6      | Killed from afar by Dowan

Illustrated notes

Levels and vault maps discovered:
D:1:      spicycebolla_arrival_risky_transporter, layout_basic
D:2:      layout_basic, serial_shops, nicolae_shop_crystal
D:3:      layout_loops_ring, mainiacjoe_overflow_24_doors,
          mainiacjoe_overflow_six_doors_small,
          dreamdust_ecumenical_altar_statues, serial_park_tiny_1
D:4:      layout_rooms, mainiacjoe_overflow_boulevard,
          minmay_temple_entry_stoned_glass, gammafunk_ghost_arena,
          dreamdust_princess_corridor, goddamned_bats
D:5:      layout_loops_cross, gup_sewer_entry_bowl, sigmund_edmund_badplayer
D:6:      layout_loops_ring, nicolae_ashenzari_skybound,
          chequers_temple_overflow_statue_of_worship,
          chequers_serial_rivers_small_b, uniq_prince_ribbit1, uniq_duvessa,
          uniq_edmund

Skill      XL: |  1  2  3  4  5  6  7  8  9 |
---------------+----------------------------+-----
Unarmed Combat | 4 5 6 7 8 |  8.9
Spellcasting   | 2 3 4 |  4.4
Invocations    | 1 2 3 4 5 |  5.1
Fighting       | |  1.0
Dodging        | |  2.1

Action                   |  1- 3 |  4- 6 |  7- 9 || total
-------------------------+-------+-------+-------++-------
Melee: Unarmed           |    98 |   176 |   256 ||   530
       Headbutt          |    14 |    15 |       ||    29
       Punch             |     1 |     4 |     6 ||    11
 Cast: Beastly Appendage |    20 |    19 |       ||    39
       Spider Form       |       |     5 |    14 ||    19
Invok: Heroism           |       |       |     1 ||     1
  Use: Scroll            |       |       |    10 ||    10
       Potion            |       |       |     1 ||     1
 Stab: Sleeping          |     1 |     1 |     1 ||     3
Armor: Robe              |    19 |    63 |    46 ||   128
       Skin              |       |    10 |    17 ||    27
Dodge: Dodged            |    43 |   158 |   157 ||   358

Table legend: (Time is in decaauts)
 A = Elapsed time spent in this place.
 B = Non-inter-level travel time spent in this place.
 C = Inter-level travel time spent in this place.
 D = Time resting spent in this place.
 E = Time spent auto-exploring this place.
 F = Levels seen in this place.
 G = Mean time per level.
                   A        B        C        D        E       F      G
               +--------+--------+--------+--------+--------+-----+--------+
         Total |   5079 |   4864 |    215 |    430 |   3150 |   7 |  725.6 |
       Dungeon |   4778 |   4563 |    215 |    430 |   2967 |   6 |  796.3 |
         Sewer |    301 |    301 |      0 |      0 |    183 |   1 |  301.0 |
               +--------+--------+--------+--------+--------+-----+--------+

Top non-repeatable levels by time:
     D:5: 984 daAuts
     D:2: 957 daAuts
     D:4: 944 daAuts
     D:1: 880 daAuts
     D:3: 658 daAuts
     D:6: 353 daAuts
   Sewer: 301 daAuts
